[Event "Titled Tuesday Blitz November 14 Late 2023"]
[White "Perske, Thore"]
[Black "Szyszylo, Rafal"]
[WhiteFideId "12902195"]
[BlackFideId "1109626"]
[WhiteElo "2617"]
[BlackElo "2403"]
[Result "1-0"]
[Round "4"]
[TimeControl "180+1"]
[Date "2023.11.14"]
[WhiteClock "0:02:22"]
[BlackClock "0:01:57"]
[Board "101"]

1. d4 d6 2. g3 g6 3. Bg2 Bg7 4. e4 Nf6 5. Nc3 Nc6 6. Nge2 O-O 7. h3 e5 8. Be3 exd4 9. Nxd4 Bd7 10. O-O Re8 11. Qd2 a6 12. a4 Ne5 13. b3 Rb8 14. f4 c6 15. fxe5 dxe5 16. Nde2 b5 17. axb5 axb5 18. Rad1 b4 19. Na4 Qa5 20. Rxf6 Bxf6 21. Qxd7 1-0


[Site "https://www.chess.com"]

[Event "Titled Tuesday Blitz November 14 Late 2023"]
[White "ArtemDyachuk"]
[Black "Kujawski, Adam"]
[BlackFideId "1100920"]
[WhiteElo "2616"]
[BlackElo "2403"]
[Result "1-0"]
[Round "4"]
[TimeControl "180+1"]
[Date "2023.11.14"]
[WhiteClock "0:00:43"]
[BlackClock "0:00:00"]
[Board "102"]

1. e4 e5 2. Nf3 Nc6 3. Bc4 Nf6 4. d3 d5 5. exd5 Nxd5 6. O-O Nb6 7. Bb3 Bg4 8. Nbd2 Qe7 9. Re1 O-O-O 10. Nf1 f6 11. Ng3 Nd4 12. c3 Nxf3+ 13. gxf3 Bh3 14. d4 Kb8 15. Be3 h5 16. Kh1 h4 17. Ne4 Qe8 18. a4 Qg6 19. Rg1 Qf5 20. Bc2 Qe6 21. Bb3 Qf5 22. a5 Nd5 23. dxe5 Be7 24. Qe2 fxe5 25. Rad1 Nxe3 26. fxe3 Rxd1 27. Rxd1 Rd8 28. Rxd8+ Bxd8 29. Bc2 Qd7 30. Nf2 Be6 31. Be4 g5 32. Nd3 Qd6 33. a6 bxa6 34. Nb4 Qb6 35. Nxa6+ Kc8 36. Nb4 a5 37. Nd5 Qd6 38. Qc4 Bxd5 39. Bxd5 Be7 40. Qg4+ Kb8 41. Qc4 Kc8 42. Kg2 Qb6 43. Qg4+ 1-0


[Site "https://www.chess.com"]

[Event "Titled Tuesday Blitz November 14 Late 2023"]
[White "Kubatko, Ivan"]
[Black "Prithu Gupta"]
[WhiteFideId "24111473"]
[BlackFideId "46618546"]
[WhiteElo "2402"]
[BlackElo "2571"]
[Result "0-1"]
[Round "4"]
[TimeControl "180+1"]
[Date "2023.11.14"]
[WhiteClock "0:00:00"]
[BlackClock "0:00:46"]
[Board "103"]

1. e4 e5 2. Nf3 Nc6 3. Nc3 Nf6 4. g3 Bb4 5. Bg2 O-O 6. O-O d6 7. d3 Bg4 8. Bg5 h6 9. Bxf6 Qxf6 10. Nd5 Qd8 11. Nxb4 Nxb4 12. h3 Bh5 13. c3 Nc6 14. b4 a5 15. a3 Qf6 16. g4 Bg6 17. Nd2 Nd8 18. f4 exf4 19. d4 axb4 20. axb4 Ne6 21. Nc4 Qh4 22. Qe1 Qxe1 23. Rfxe1 Ng5 24. h4 Rxa1 25. Rxa1 Nxe4 26. Ra7 Nxc3 27. Rxb7 Ne2+ 28. Kf2 Nxd4 29. Rxc7 Re8 30. Bd5 Re2+ 31. Kg1 f3 0-1


[Site "https://www.chess.com"]

[Event "Titled Tuesday Blitz November 14 Late 2023"]
[White "Marchesich, Giovanni"]
[Black "Santos Flores, Alberto"]
[WhiteFideId "2824790"]
[BlackFideId "3601234"]
[WhiteElo "2401"]
[BlackElo "2569"]
[Result "0-1"]
[Round "4"]
[TimeControl "180+1"]
[Date "2023.11.14"]
[WhiteClock "0:00:00"]
[BlackClock "0:00:15"]
[Board "104"]

1. e4 e6 2. d4 d5 3. Nc3 Nf6 4. Bg5 Bb4 5. e5 h6 6. Bd2 Bxc3 7. bxc3 Ne4 8. Qg4 Kf8 9. Bc1 c5 10. Bd3 Nxc3 11. dxc5 Nc6 12. Nf3 Qa5 13. O-O Qxc5 14. a4 a5 15. Be3 Qe7 16. Bd2 Qc5 17. Be3 Qb4 18. Qh5 Bd7 19. Bd2 Qc5 20. Be3 d4 21. Nxd4 Nxd4 22. Qg4 Nde2+ 23. Bxe2 Nxe2+ 24. Qxe2 Qxe5 25. Rfd1 Bc6 26. Rd4 Kg8 27. Qd3 Qf5 28. Qxf5 exf5 29. Rf4 Bd7 30. Rd1 Be6 31. Rb1 Rc8 32. Rxb7 Rxc2 33. h4 Kh7 34. Ra7 Ra2 35. Rxa5 Rc8 36. Ra7 Rcc2 37. Kh2 g5 38. Rb4 f4 0-1


[Site "https://www.chess.com"]

[Event "Titled Tuesday Blitz November 14 Late 2023"]
[White "Abduzhaparov"]
[Black "Tikhonov, Viacheslav"]
[BlackFideId "44196407"]
[WhiteElo "2398"]
[BlackElo "2567"]
[Result "0-1"]
[Round "4"]
[TimeControl "180+1"]
[Date "2023.11.14"]
[WhiteClock "0:00:04"]
[BlackClock "0:00:19"]
[Board "105"]

1. Nf3 g6 2. c4 Bg7 3. e4 c5 4. d4 Nf6 5. Nc3 Nc6 6. d5 Nd4 7. Nxd4 cxd4 8. Qxd4 O-O 9. Bg5 d6 10. Qd2 Qb6 11. Be2 Re8 12. O-O Nd7 13. Rac1 Qa5 14. Rfd1 Nc5 15. f3 Bd7 16. Nb5 Qxa2 17. Ra1 Qxb2 18. Nc7 Qxd2 19. Bxd2 Bxa1 20. Rxa1 Nb3 21. Ra2 Nxd2 22. Nxe8 Bxe8 23. Rxd2 a5 24. Ra2 a4 25. Ra3 f5 26. Kf2 fxe4 27. fxe4 Kf7 28. Ke3 Kf6 29. Kd4 Ra5 30. Bd1 b5 31. cxb5 Rxb5 32. Kc4 Ke5 33. Bxa4 Ra5 34. Kb4 Rxa4+ 35. Rxa4 Bxa4 36. Kxa4 Kxe4 0-1


[Site "https://www.chess.com"]

[Event "Titled Tuesday Blitz November 14 Late 2023"]
[White "Likvidator228"]
[Black "Jamal-Jamal-Jamal"]
[WhiteElo "2566"]
[BlackElo "2398"]
[Result "1/2-1/2"]
[Round "4"]
[TimeControl "180+1"]
[Date "2023.11.14"]
[WhiteClock "0:00:11"]
[BlackClock "0:00:45"]
[Board "106"]

1. g4 d5 2. Bg2 c6 3. h3 e5 4. d4 e4 5. c4 f5 6. gxf5 Nf6 7. Nc3 Bxf5 8. cxd5 cxd5 9. Qb3 Qd7 10. Bg5 Be6 11. e3 Nc6 12. Nge2 Bb4 13. Nf4 Bf7 14. a3 Bxc3+ 15. Qxc3 Rc8 16. Rc1 O-O 17. Bxf6 gxf6 18. Qd2 Kh8 19. O-O Ne7 20. Kh2 Rg8 21. Rxc8 Rxc8 22. Rc1 Rc6 23. Rxc6 Qxc6 24. Bf1 Qc7 25. Qc3 Qxc3 26. bxc3 Kg7 27. Kg3 f5 28. Bb5 Kf6 29. h4 a6 30. Bd7 b6 31. f3 a5 32. Nh3 h6 33. Nf4 Bg8 34. Nh5+ Kg6 35. Nf4+ Kf6 36. Kf2 Bf7 37. Kg3 Ng8 38. fxe4 fxe4 39. Ne2 Ne7 40. Kg4 h5+ 41. Kg3 Ng6 42. Nf4 Ne7 43. Kf2 Bg6 44. Kg3 Bf7 45. Bh3 Be8 46. Be6 Bc6 47. Bh3 Be8 48. Kf2 Bf7 49. Bd7 Ng8 50. Kg3 Ne7 1/2-1/2


[Site "https://www.chess.com"]

[Event "Titled Tuesday Blitz November 14 Late 2023"]
[White "Mushini Ajay"]
[Black "Tologon tegin, Semetei"]
[WhiteFideId "35066188"]
[BlackFideId "13800574"]
[WhiteElo "2398"]
[BlackElo "2561"]
[Result "1-0"]
[Round "4"]
[TimeControl "180+1"]
[Date "2023.11.14"]
[WhiteClock "0:00:16"]
[BlackClock "0:00:17"]
[Board "107"]

1. b3 d5 2. Bb2 c5 3. e3 a6 4. f4 Nc6 5. Nf3 Bg4 6. Be2 e6 7. O-O Nf6 8. Ne5 Bxe2 9. Qxe2 Rc8 10. d3 Be7 11. Nd2 O-O 12. Ndf3 Nd7 13. Nxc6 Rxc6 14. Ne5 Rc8 15. Qh5 f6 16. Nxd7 Qxd7 17. Rad1 Qc6 18. c4 dxc4 19. dxc4 Rcd8 20. Qf3 Qxf3 21. gxf3 Kf7 22. Kf2 f5 23. e4 Bf6 24. Bxf6 Kxf6 25. Ke2 h6 26. e5+ Kf7 27. h4 Rg8 28. h5 Ke7 29. Rg1 Rxd1 30. Rxd1 Rd8 31. Rxd8 Kxd8 32. a3 Ke7 33. Ke3 Kf7 34. Kf2 Ke8 35. Ke2 Kd7 36. Kd3 Kc6 37. Kc3 Kb6 38. Kd3 Ka5 39. Kc3 b6 40. Kd3 b5 41. Kc3 Kb6 42. cxb5 axb5 43. a4 Ka5 44. axb5 Kxb5 45. Kb2 Kb4 46. Kc2 c4 47. bxc4 Kxc4 48. Kd2 Kd4 49. Ke2 Kc3 50. Ke3 Kc2 51. Kd4 Kd2 52. Kc5 Ke3 53. Kd6 Kxf3 54. Kxe6 Kxf4 55. Kd6 Kg3 56. e6 f4 57. e7 f3 58. e8=Q f2 59. Qg6+ Kh2 60. Qf5 Kg1 61. Qg4+ Kh1 62. Qf3+ Kg1 63. Qg3+ Kf1 64. Ke5 Ke2 65. Qg2 Ke1 66. Qg3 Ke2 67. Qg4+ Ke1 68. Qe4+ Kd2 69. Qf3 Ke1 70. Qe3+ Kf1 71. Kf4 Kg2 72. Qg3+ Kh1 73. Qxf2 g5+ 74. Kg3 g4 75. Qh2# 1-0


[Site "https://www.chess.com"]

[Event "Titled Tuesday Blitz November 14 Late 2023"]
[White "Zakarian, David"]
[Black "Shapiro, Viktor"]
[WhiteFideId "13301276"]
[BlackFideId "4175700"]
[WhiteElo "2391"]
[BlackElo "2557"]
[Result "1-0"]
[Round "4"]
[TimeControl "180+1"]
[Date "2023.11.14"]
[WhiteClock "0:00:28"]
[BlackClock "0:00:05"]
[Board "108"]

1. e4 Nf6 2. e5 Nd5 3. c4 Nb6 4. c5 Nd5 5. Bc4 e6 6. Nc3 Nxc3 7. bxc3 d6 8. cxd6 cxd6 9. Nf3 Nc6 10. Qe2 g5 11. exd6 Bxd6 12. d4 g4 13. Ne5 Bxe5 14. dxe5 Qa5 15. O-O Qxe5 16. Qxg4 b5 17. Bf4 Qc5 18. Be2 Bb7 19. Rfd1 Rd8 20. Qg7 Rf8 21. Bh6 Rxd1+ 22. Rxd1 a6 23. Qxh7 Qxc3 24. Bxf8 Kxf8 25. Bf3 Na5 26. Qh4 Bxf3 27. Rd8+ Kg7 28. Qh8+ Kg6 29. Qxc3 1-0


[Site "https://www.chess.com"]

[Event "Titled Tuesday Blitz November 14 Late 2023"]
[White "hristos03"]
[Black "Kashefi, Amir Hosein"]
[BlackFideId "12557935"]
[WhiteElo "2390"]
[BlackElo "2552"]
[Result "0-1"]
[Round "4"]
[TimeControl "180+1"]
[Date "2023.11.14"]
[WhiteClock "0:00:00"]
[BlackClock "0:00:51"]
[Board "109"]

1. e4 c5 2. Nf3 d6 3. d4 cxd4 4. Nxd4 Nf6 5. Nc3 a6 6. h3 e5 7. Nb3 Be6 8. f4 Nc6 9. f5 Bxb3 10. axb3 Rc8 11. Be3 Nb4 12. Bg5 Be7 13. Bxf6 Bxf6 14. Bc4 Bh4+ 15. Kf1 b5 16. Bd5 Qb6 17. Qe2 O-O 18. g3 Bxg3 19. f6 g6 20. h4 Bf4 21. Rh3 Kh8 22. Kg2 Qd8 23. h5 Qxf6 24. hxg6 fxg6 25. Kh1 Rc7 26. Rg1 Rg7 27. Qg2 h5 28. Ne2 Bh6 29. Ng3 Kh7 30. Qh2 Qf3+ 31. Qg2 Nxc2 32. Qxf3 Rxf3 33. Rh2 Ne3 34. Be6 Rxg3 35. Rxg3 Bf4 36. Rxh5+ gxh5 37. Rh3 Kh6 38. Bd7 Rxd7 0-1


[Site "https://www.chess.com"]

[Event "Titled Tuesday Blitz November 14 Late 2023"]
[White "Karamsetty, Jeevan"]
[Black "Real_taiatai"]
[WhiteFideId "2025337"]
[WhiteElo "2546"]
[BlackElo "2384"]
[Result "1-0"]
[Round "4"]
[TimeControl "180+1"]
[Date "2023.11.14"]
[WhiteClock "0:01:04"]
[BlackClock "0:00:13"]
[Board "110"]

1. e4 e5 2. Nf3 Nc6 3. Bc4 Nf6 4. O-O Nxe4 5. Re1 d5 6. Bb5 Be7 7. d3 Nd6 8. Bxc6+ bxc6 9. Nxe5 Bd7 10. Bg5 f6 11. Qh5+ Kf8 12. Ng6+ hxg6 13. Qxh8+ Kf7 14. Qxd8 Rxd8 15. Bf4 g5 16. Bxd6 Bxd6 17. Nd2 Rh8 18. g3 g4 19. d4 Bf5 20. c3 Rb8 21. b4 Bd7 22. Nb3 Rh8 23. Nc5 Bc8 24. Re3 f5 25. f4 gxf3 26. Rxf3 g5 27. Re1 Kg6 28. Nd3 Kf6 29. Ne5 Bb7 30. Nd7+ Kg6 31. Nc5 Bc8 32. Nd3 Bb7 33. Re6+ Kf7 34. Re2 Kf6 35. Rfe3 Ba6 36. Rf2 Bc4 37. Ne5 Bb5 38. Ng4+ Kg6 39. Re6+ Kf7 40. Rf6+ Kg7 41. R2xf5 Re8 42. Rxg5+ Kh7 43. Rh6# 1-0


[Site "https://www.chess.com"]

[Event "Titled Tuesday Blitz November 14 Late 2023"]
[White "Jaskolka, Tomasz"]
[Black "Melikhov, Evgeny V."]
[WhiteFideId "1170791"]
[BlackFideId "4122046"]
[WhiteElo "2534"]
[BlackElo "2380"]
[Result "0-1"]
[Round "4"]
[TimeControl "180+1"]
[Date "2023.11.14"]
[WhiteClock "0:00:00"]
[BlackClock "0:00:01"]
[Board "111"]

1. e4 e5 2. Nf3 Nc6 3. Bc4 Nf6 4. Ng5 d5 5. exd5 Na5 6. Bb5+ c6 7. dxc6 bxc6 8. Bd3 Ng4 9. Nf3 Bc5 10. O-O f5 11. b4 Bxb4 12. h3 e4 13. hxg4 exd3 14. Re1+ Kf7 15. Ne5+ Kg8 16. Nxd3 Bd6 17. Qe2 h6 18. Qe8+ Kh7 19. Qxd8 Rxd8 20. Nc3 Nc4 21. gxf5 Bxf5 22. Ne4 Bc7 23. Nb2 Nd6 24. Nxd6 Rxd6 25. d3 Ba5 26. Nc4 Bxe1 27. Nxd6 Be6 28. Ne4 Rb8 29. Bf4 Rf8 30. Bd6 Bxf2+ 31. Nxf2 Rd8 32. Ne4 Bd5 33. Bc5 Bxe4 34. dxe4 Rd2 35. Rc1 a5 36. a4 Re2 37. Bb6 Rxe4 38. c4 Re2 39. Bxa5 Ra2 40. Bb6 Rxa4 41. Kf2 Kg6 42. Kf3 Kf5 43. c5 g5 44. Rd1 Ra3+ 45. Kf2 h5 46. Rd6 h4 47. Rxc6 Ra2+ 48. Kg1 g4 49. Rc8 g3 50. Rf8+ Ke6 51. Rf1 Kd5 52. Rc1 Kc6 53. Bd8 Ra4 54. Be7 Re4 55. Bd6 Re2 56. Kf1 Rf2+ 57. Kg1 Re2 58. Rf1 Rd2 59. Be7 Rd4 60. Re1 Rf4 61. Ra1 Re4 62. Bd6 Re2 63. Kf1 Rf2+ 64. Kg1 Re2 65. Rf1 Rd2 66. Re1 Rc2 67. Be7 Rc4 68. Kf1 Rf4+ 69. Ke2 Rf2+ 70. Kd3 Rxg2 71. Kd4 h3 72. Bd6 h2 0-1


[Site "https://www.chess.com"]

[Event "Titled Tuesday Blitz November 14 Late 2023"]
[White "Bugayev, Vladimir"]
[Black "Ismayil, Malak"]
[WhiteFideId "30901480"]
[BlackFideId "13412604"]
[WhiteElo "2376"]
[BlackElo "2528"]
[Result "0-1"]
[Round "4"]
[TimeControl "180+1"]
[Date "2023.11.14"]
[WhiteClock "0:00:05"]
[BlackClock "0:00:10"]
[Board "113"]

1. e4 e5 2. Nf3 Nc6 3. d4 exd4 4. Nxd4 Bc5 5. Nb3 Bb6 6. Nc3 d6 7. Qe2 Nf6 8. Be3 Be6 9. O-O-O Qe7 10. g3 Ne5 11. f3 Nc4 12. Bxb6 axb6 13. g4 Na5 14. Nd4 Nc6 15. a3 Ne5 16. h4 O-O-O 17. Nf5 Bxf5 18. exf5 Qd7 19. Qf2 h6 20. Bb5 Nc6 21. Qf1 Rde8 22. Qc4 Re5 23. Qa4 Kb8 24. f4 Rc5 25. g5 Ng4 26. Rhe1 Re8 27. Rxe8+ Qxe8 28. Ne4 Rxb5 29. Nxd6 Qe3+ 30. Kb1 Ra5 31. Qc4 cxd6 32. Qxf7 Qxf4 33. f6 Nxf6 34. gxf6 Qxf6 35. Qe8+ Ka7 36. Qd7 Rb5 37. b4 Qc3 38. Rxd6 Qxa3 39. Rxc6 Rxb4# 0-1


[Site "https://www.chess.com"]

[Event "Titled Tuesday Blitz November 14 Late 2023"]
[White "Shubenkova, Veronika"]
[Black "Bernat, David"]
[WhiteFideId "44124040"]
[BlackFideId "2099225"]
[WhiteElo "2513"]
[BlackElo "2368"]
[Result "0-1"]
[Round "4"]
[TimeControl "180+1"]
[Date "2023.11.14"]
[WhiteClock "0:00:00"]
[BlackClock "0:00:03"]
[Board "114"]

1. d4 d5 2. e3 Nf6 3. f4 c5 4. Nf3 Nc6 5. c3 Bg4 6. Be2 e6 7. Nbd2 Bd6 8. Ne5 Bxe2 9. Qxe2 Qc7 10. O-O cxd4 11. exd4 O-O 12. Rf3 Ne7 13. Rh3 Ng6 14. Nf1 Bxe5 15. fxe5 Ne4 16. Qh5 f6 17. Qxh7+ Kf7 18. Bh6 Rg8 19. exf6 Nxf6 20. Rf3 Nh4 21. Rxf6+ Kxf6 22. Ne3 Nf5 23. Ng4+ Ke7 24. Bg5+ Kf8 25. Nh6 Nxh6 26. Bxh6 Qf7 27. Rf1 Qxf1+ 28. Kxf1 gxh6 29. Qxb7 Re8 30. Qxa7 Re7 31. Qb8+ Kf7 32. Qf4+ Ke8 33. Qxh6 Rf8+ 34. Ke2 Ref7 35. Qh4 Kd7 36. Qe1 Rg8 37. g3 Rh7 38. Qg1 Rf7 39. b4 Rc8 40. Kd2 Rf3 41. Qc1 Rf2+ 42. Ke3 Rxh2 43. Qf1 Rxa2 44. Qf8 Rxf8 0-1


[Site "https://www.chess.com"]

[Event "Titled Tuesday Blitz November 14 Late 2023"]
[White "Laskakis, Konstantinos"]
[Black "Przybylski, Wojciech"]
[WhiteFideId "42134374"]
[BlackFideId "1117599"]
[WhiteElo "2361"]
[BlackElo "2512"]
[Result "0-1"]
[Round "4"]
[TimeControl "180+1"]
[Date "2023.11.14"]
[WhiteClock "0:00:00"]
[BlackClock "0:00:01"]
[Board "115"]

1. d4 Nf6 2. c4 e6 3. Nc3 Bb4 4. Qc2 d5 5. cxd5 Qxd5 6. Nf3 Qf5 7. Qb3 Nc6 8. e3 O-O 9. Bd2 a6 10. Be2 Bd6 11. Rc1 Nb4 12. O-O Bd7 13. h3 h6 14. a3 Nbd5 15. Qc2 Nxc3 16. Bxc3 Bc6 17. Qxf5 exf5 18. Bb4 Bxb4 19. axb4 Rac8 20. Ne5 Bd5 21. b5 axb5 22. Bxb5 c6 23. Bd3 g6 24. Ra1 Ra8 25. Nc4 Be6 26. Nb6 Rab8 27. Ra7 Rfd8 28. Bc4 Kf8 29. Bxe6 fxe6 30. b4 Ne4 31. Rfa1 Ke7 32. R1a5 Nd6 33. Kf1 Nb5 34. Ra8 Rxa8 35. Nxa8 Kd6 36. Nb6 Kc7 37. Nc4 g5 38. Ke2 h5 39. g3 h4 40. gxh4 gxh4 41. Ne5 Rg8 42. Nf3 Rh8 43. Ra1 Nc3+ 44. Kd3 Nd5 45. Kc4 Rg8 46. Rg1 Ra8 47. Nxh4 Ra2 48. Rf1 Rb2 49. Ng6 Rxb4+ 50. Kd3 Rb3+ 51. Ke2 Rb2+ 52. Kf3 Nf6 53. h4 Ng4 54. Kg3 Kd6 55. h5 Ra2 56. Nf4 b5 57. Rh1 Nh6 58. Ng6 b4 59. Rb1 Ra4 60. Ne5 c5 61. Nd3 c4 62. Nxb4 c3 63. Nc2 Ra2 64. Rc1 Ra8 65. Nb4 Rg8+ 66. Kf3 Rc8 67. Nd3 Ke7 68. Ke2 Kf6 69. Ne1 Kg5 70. Kd3 Ng4 71. Rc2 Kxh5 72. f3 Nf6 73. Rxc3 Ra8 74. Rc6 Ra3+ 75. Rc3 Ra1 76. Nc2 Rd1+ 77. Ke2 Rh1 78. Rc6 Nd5 79. Rxe6 Rh2+ 80. Kd3 Kg5 81. Re5 Nf6 82. e4 Kg6 83. Rxf5 Rh1 84. d5 Rd1+ 85. Kc3 Nd7 86. Rf4 Ne5 87. Nd4 Rd3+ 88. Kc2 Rxd4 89. Rf5 Nd7 90. f4 Nc5 91. Re5 Nxe4 0-1


[Site "https://www.chess.com"]

[Event "Titled Tuesday Blitz November 14 Late 2023"]
[White "D`Arruda, Ricardo D."]
[Black "Lalanne, Pablo"]
[WhiteFideId "100692"]
[BlackFideId "112151"]
[WhiteElo "2511"]
[BlackElo "2360"]
[Result "1-0"]
[Round "4"]
[TimeControl "180+1"]
[Date "2023.11.14"]
[WhiteClock "0:01:54"]
[BlackClock "0:01:26"]
[Board "116"]

1. d4 Nf6 2. Nf3 e6 3. c4 d5 4. Nc3 c5 5. cxd5 Nxd5 6. e4 Nxc3 7. bxc3 cxd4 8. cxd4 Bb4+ 9. Bd2 Bxd2+ 10. Qxd2 O-O 11. Bc4 Nc6 12. O-O b6 13. Rfe1 Bb7 14. Rad1 Rc8 15. Qe3 Na5 16. Bf1 Nc4 17. Qf4 Qd6 18. Qh4 h6 19. h3 Rfd8 20. d5 exd5 21. exd5 Re8 22. Rxe8+ Rxe8 23. Bxc4 1-0


[Site "https://www.chess.com"]

[Event "Titled Tuesday Blitz November 14 Late 2023"]
[White "Skaric, Djuro"]
[Black "Meduri, Aakaash"]
[WhiteFideId "934569"]
[BlackFideId "2032252"]
[WhiteElo "2358"]
[BlackElo "2510"]
[Result "1-0"]
[Round "4"]
[TimeControl "180+1"]
[Date "2023.11.14"]
[WhiteClock "0:01:46"]
[BlackClock "0:01:15"]
[Board "117"]

1. g3 g6 2. Bg2 d5 3. d3 Bg7 4. Nf3 e5 5. O-O Nc6 6. Nc3 Nge7 7. e4 dxe4 8. dxe4 Qxd1 9. Rxd1 Bg4 10. Be3 O-O 11. Rd2 Bxf3 12. Bxf3 Nd4 13. Bg2 c5 14. f4 Nec6 15. Nd5 Rad8 16. c3 Ne6 17. Rad1 exf4 18. gxf4 Rfe8 19. f5 gxf5 20. exf5 Nf8 21. Bxc5 Rc8 22. f6 Bh6 23. Rd3 Ne6 24. Rg3+ Kh8 25. Bf2 Rg8 26. Ne7 Nxe7 27. fxe7 Rge8 28. Rd7 b6 29. Rxa7 b5 30. Bh3 b4 31. Bxe6 fxe6 32. Bd4+ Bg7 1-0


[Site "https://www.chess.com"]

[Event "Titled Tuesday Blitz November 14 Late 2023"]
[White "Gerbelli Neto, Eduardo"]
[Black "Ronka, Erik"]
[WhiteFideId "2103281"]
[BlackFideId "505080"]
[WhiteElo "2357"]
[BlackElo "2510"]
[Result "0-1"]
[Round "4"]
[TimeControl "180+1"]
[Date "2023.11.14"]
[WhiteClock "0:00:00"]
[BlackClock "0:00:05"]
[Board "118"]

1. e4 d6 2. Nc3 g6 3. f4 Bg7 4. Nf3 c5 5. Bc4 e6 6. O-O Ne7 7. Qe1 a6 8. d3 b5 9. Bb3 O-O 10. f5 exf5 11. Bg5 Kh8 12. exf5 f6 13. fxg6 Nxg6 14. Bd2 Nd7 15. Bd5 Ra7 16. Ne4 Nde5 17. Nh4 Bb7 18. Bxb7 Rxb7 19. Nf5 Rd7 20. Ba5 Qb8 21. Qg3 Qa7 22. Nexd6 c4+ 23. Kh1 Qc5 24. Ne4 Qd5 25. Bb4 Rff7 26. Nxg7 Kxg7 27. Rad1 cxd3 28. cxd3 Nxd3 29. Nc3 Qc4 30. a3 Nxb4 31. axb4 Rxd1 32. Rxd1 Qxb4 33. Qf2 Qe7 34. Nd5 Qe5 35. Qf3 Rd7 36. b4 Rd6 37. Rd3 Ne7 38. Qg4+ Kf7 0-1


[Site "https://www.chess.com"]

[Event "Titled Tuesday Blitz November 14 Late 2023"]
[White "Rangel, Daniel"]
[Black "Lebedev, Artem S."]
[WhiteFideId "2124475"]
[BlackFideId "34272747"]
[WhiteElo "2509"]
[BlackElo "2349"]
[Result "0-1"]
[Round "4"]
[TimeControl "180+1"]
[Date "2023.11.14"]
[WhiteClock "0:00:28"]
[BlackClock "0:00:11"]
[Board "119"]

1. e4 c5 2. Nf3 e6 3. b3 d5 4. exd5 Qxd5 5. Nc3 Qd8 6. Bb5+ Bd7 7. Qe2 Nf6 8. O-O Bd6 9. Bb2 O-O 10. a4 Nc6 11. Ne4 Nxe4 12. Qxe4 a6 13. Bd3 f5 14. Qe2 Nb4 15. Ne5 Nxd3 16. Qxd3 Bxe5 17. Bxe5 Bc6 18. Qg3 Rf7 19. Rad1 Rd7 20. d4 cxd4 21. Rxd4 Qe7 22. Rfd1 Rad8 23. h4 Rxd4 24. Rxd4 Rxd4 25. Bxd4 h6 26. Qe5 Qd7 27. f3 Kh7 28. c4 Kg8 29. a5 Kh7 30. b4 Kg8 31. Kf2 Kh7 32. g4 fxg4 33. fxg4 Qf7+ 34. Ke1 Qg6 35. Kd2 Qxg4 36. b5 axb5 37. cxb5 Bxb5 38. h5 Bc6 39. Kc3 Bd5 40. Kb4 Qg2 41. Kc5 Qg5 42. Qc7 Qc1+ 43. Kd6 Qxc7+ 44. Kxc7 g6 45. hxg6+ Kxg6 46. Kd6 Kf5 47. Be5 h5 48. Bh2 h4 49. Kc5 Ke4 50. Kd6 Kf3 51. Ke5 Kg2 52. Bf4 h3 53. Kd4 h2 54. a6 bxa6 55. Bxh2 Kxh2 0-1


[Site "https://www.chess.com"]

[Event "Titled Tuesday Blitz November 14 Late 2023"]
[White "Weak-Player_EGY"]
[Black "elmusmolamas"]
[WhiteElo "2348"]
[BlackElo "2507"]
[Result "1-0"]
[Round "4"]
[TimeControl "180+1"]
[Date "2023.11.14"]
[WhiteClock "0:01:02"]
[BlackClock "0:00:13"]
[Board "120"]

1. c4 Nf6 2. g3 h5 3. Bg2 h4 4. Nc3 e5 5. Nf3 h3 6. Bf1 Nc6 7. d4 e4 8. Ne5 Bb4 9. Bg5 Rh5 10. Bh4 g5 11. Bxh3 gxh4 12. g4 Rg5 13. Qd2 Nh7 14. Qf4 Qf6 15. Qxe4 Nxe5 16. dxe5 Qxe5 17. Qd3 Nf6 18. Rf1 Qe4 19. f4 Qxd3 20. exd3 Rg8 21. g5 Nh5 22. Bg4 Ng7 23. Ke2 d6 24. Bxc8 Rxc8 25. Nd5 Bc5 26. Nf6+ Kf8 27. Nxg8 Kxg8 28. Kf3 Nf5 29. Rae1 Kg7 30. Re4 Kg6 31. Rfe1 a6 32. Re8 Rxe8 33. Rxe8 b5 34. Kg4 bxc4 35. dxc4 Ne3+ 36. Kxh4 Nxc4 37. Kg4 Nxb2 38. f5+ Kh7 39. Re7 Kg8 40. g6 fxg6 41. fxg6 Bb6 42. Kg5 Nd3 43. Kh6 Ne5 44. Re8# 1-0


[Site "https://www.chess.com"]

[Event "Titled Tuesday Blitz November 14 Late 2023"]
[White "KorolDimitriy75"]
[Black "jactorres"]
[WhiteElo "2346"]
[BlackElo "2507"]
[Result "0-1"]
[Round "4"]
[TimeControl "180+1"]
[Date "2023.11.14"]
[WhiteClock "0:00:00"]
[BlackClock "0:00:10"]
[Board "121"]

1. d4 d5 2. c4 e6 3. Nc3 Nf6 4. Bg5 Be7 5. cxd5 exd5 6. e3 O-O 7. Bd3 Nbd7 8. Qc2 c6 9. Nge2 Re8 10. f3 Nf8 11. O-O g6 12. Rad1 Ne6 13. Bh4 Nh5 14. Bf2 f5 15. e4 fxe4 16. fxe4 dxe4 17. Bxe4 Ng5 18. d5 Nxe4 19. Qxe4 Nf6 20. Qc4 cxd5 21. Nxd5 Nxd5 22. Rxd5 Be6 23. Nf4 Bf7 24. Rxd8 Bxc4 25. Rxa8 Rxa8 26. Re1 Bd6 27. Bg3 Bxa2 28. Rd1 Bf8 29. Rd7 b6 30. Bh4 Bc5+ 31. Kh1 Rf8 32. g3 Rf7 33. Rd8+ Rf8 34. Rd7 Rf7 35. Rd8+ Kg7 36. Kg2 h6 37. Re8 g5 38. Nh5+ Kg6 39. Rg8+ Kh7 0-1


[Site "https://www.chess.com"]

[Event "Titled Tuesday Blitz November 14 Late 2023"]
[White "Eggleston, Thomas A"]
[Black "HeroRubiksCube"]
[WhiteFideId "412139"]
[WhiteElo "2344"]
[BlackElo "2506"]
[Result "0-1"]
[Round "4"]
[TimeControl "180+1"]
[Date "2023.11.14"]
[WhiteClock "0:00:00"]
[BlackClock "0:00:22"]
[Board "122"]

1. e4 d5 2. exd5 Nf6 3. Nf3 Nxd5 4. d4 g6 5. c4 Nf6 6. Nc3 Bg7 7. Be2 O-O 8. O-O b6 9. Ne5 Bb7 10. Bf3 Qc8 11. Re1 e6 12. Bf4 Nfd7 13. Ng4 Nc6 14. Nh6+ Kh8 15. d5 Nd4 16. Be4 e5 17. Bd2 f5 18. Bb1 Qd8 19. Ne2 Qh4 20. Nxd4 exd4 21. g3 Qh3 22. Qc1 Ne5 23. Rxe5 Bxe5 24. Bd3 f4 25. gxf4 Bg7 26. Bf1 Qxh6 27. f5 Qh5 28. fxg6 hxg6 29. Bg2 Rae8 30. Bf4 Be5 31. Bg3 Bxg3 32. hxg3 Kg7 33. Qd2 Qe5 34. Rd1 Bc8 35. f4 Qe3+ 36. Qxe3 dxe3 37. Re1 Bg4 0-1


[Site "https://www.chess.com"]

[Event "Titled Tuesday Blitz November 14 Late 2023"]
[White "Pesotskiy, Mikhail"]
[Black "Becerra, Juan David"]
[WhiteFideId "34164453"]
[BlackFideId "4404998"]
[WhiteElo "2505"]
[BlackElo "2341"]
[Result "1-0"]
[Round "4"]
[TimeControl "180+1"]
[Date "2023.11.14"]
[WhiteClock "0:00:21"]
[BlackClock "0:00:00"]
[Board "123"]

1. d4 e6 2. c4 Nf6 3. Nc3 c5 4. d5 exd5 5. cxd5 d6 6. e4 g6 7. h3 Bg7 8. Nf3 O-O 9. Bd3 Re8 10. O-O a6 11. a4 Nfd7 12. Bf4 Ne5 13. Nxe5 Bxe5 14. Bxe5 Rxe5 15. f4 Re7 16. Qf3 Nd7 17. Rae1 Qc7 18. Bc4 Nb6 19. Ba2 Bd7 20. e5 Rae8 21. a5 Nc8 22. e6 fxe6 23. dxe6 Bc6 24. Nd5 Qxa5 25. Nxe7+ Nxe7 26. Bd5 Bxd5 27. Qg4 Nf5 28. e7 Qc7 29. Qg5 Rxe7 30. g4 Rxe1 31. Rxe1 Qa5 32. Re8+ Kf7 33. Re2 Qa1+ 34. Kf2 Qh1 35. gxf5 Qf3+ 36. Ke1 Qh1+ 37. Kd2 Be4 38. fxg6+ hxg6 39. f5 1-0


[Site "https://www.chess.com"]